AoeStats
← tbzachary

MegaRandom

508524397Analyzed
2v2 RM · 11d ago on Sep 22, 2026· 39m 16s· 4 players
Game mode
Random Map
Map size
Medium (4 player)
Population
200
Speed
Normal
Resources
Standard
Victory
Conquest
Starting age
Dark Age
Ending age
Imperial Age
RankedLock teamsTeams togetherTeam positionsShared explorationLock speedFull tech treeHidden civsTurbo modeCheats
Victory
Defeat
🇧🇷 Britons · Brazil
928
+11
🇧🇷 Magyars · Brazil
822
+16
🇺🇸 Slavs · United States
825
-14
🇮🇹 Mongols · Italy
797
-13
tbzachary
5:20 Loom
9:45 Feudal Age
10:35 Double-Bit Axe
11:47 Horse Collar
16:11 Castle Age
19:21 Stone Mining
27:55 Bloodlines
27:46 Husbandry
28:46 Bow Saw
34:17 Imperial Age
34:30 Imperial Age
32:32 Forging
31:46 Pikeman
ARGON32
3:07 Loom
12:03 Feudal Age
13:12 Double-Bit Axe
13:11 Horse Collar
14:10 Wheelbarrow
24:02 Castle Age
32:43 Town Watch
33:08 Husbandry
37:08 Elite Skirmisher
37:55 Thumb Ring
38:58 Pikeman
39:39 Squires
Soldado Raso
6:58 Loom
7:18 Loom
9:37 Feudal Age
10:23 Double-Bit Axe
13:17 Fletching
21:41 Castle Age
20:56 Padded Archer Armor
20:49 Gold Mining
21:48 Crossbowman
22:45 Bodkin Arrow
25:00 Wheelbarrow
24:41 Bow Saw
24:52 Leather Archer Armor
27:25 Ballistics
28:00 Stone Mining
32:51 Horse Collar
36:13 Imperial Age
35:57 Heavy Plow
36:17 Arbalester
36:26 Cranequins
37:30 Conscription
37:36 Yeomen
37:16 Arbalester
39:47 Two-Man Saw
40:19 Chemistry
39:41 Bracer
Bønifáciø
5:54 Loom
11:30 Feudal Age
12:18 Double-Bit Axe
12:16 Horse Collar
20:43 Castle Age
22:27 Bloodlines
23:40 Gold Mining
24:09 Bow Saw
24:25 Gold Mining
25:45 Wheelbarrow
24:55 Town Watch
25:18 Scale Barding Armor
26:32 Husbandry
27:33 Heavy Plow
30:22 Gold Shaft Mining
29:43 Stone Mining
31:16 Chain Barding Armor
32:24 Fletching
31:57 Elite Skirmisher
38:33 Hand Cart
38:18 Town Patrol
42:10 Imperial Age
Connection lost

Rejoining the realm…

Still unreachable

The connection could not be restored.

Session expired

The server has moved on; the page needs a fresh start.